 Dungeon Crawl Stone Soup version 0.25.1-1-g288607f (webtiles) character file.

Game seed: 1434760765630528299

665 eoseowa the Ruffian (level 7, -5/51 HPs)
             Began as a Demonspawn Gladiator on July 20, 2020.
             Slain by a worker ant (6 damage)
             ... on level 5 of the Dungeon.
             The game lasted 00:13:05 (6383 turns).

eoseowa the Ruffian (Demonspawn Gladiator)          Turns: 6383, Time: 00:13:05

Health: -5/51      AC: 11    Str: 23    XL:     7   Next: 31%
Magic:  7/7        EV: 11    Int:  9    God:
Gold:   220        SH:  5    Dex: 16    Spells: 6/6 levels left

rFire    . . .     SeeInvis .     - Unarmed
rCold    + . .     Gourm    .   (no shield)
rNeg     . . .     Faith    .   l - +0 scale mail
rPois    .         Spirit   .   y - +2 helmet
rElec    .         Reflect  +   e - +0 cloak
rCorr    .         Harm     .   (no gloves)
MR       .....                  (no boots)
Stlth    +.........             x - amulet of reflection
HPRegen  0.17/turn              c - +6 ring of strength
MPRegen  0.10/turn              v - ring of protection from cold

@: no status effects
A: claws 2, thin skeletal structure 1
a: no special abilities


You were on level 5 of the Dungeon.
You were not hungry.

You visited 1 branch of the dungeon, and saw 5 of its levels.

You collected 220 gold pieces.

Inventory:

Hand Weapons
 a - a +0 war axe
 g - a +0 war axe
Missiles
 d - 4 throwing nets
 o - 156 stones
 t - 7 boomerangs (quivered)
Armour
 e - a +0 cloak (worn)
 l - a +0 scale mail (worn)
 y - a +2 helmet (worn)
 E - a scarf of repulsion
Jewellery
 c - a +6 ring of strength (left claw)
 j - an uncursed ring of protection from fire
 v - a ring of protection from cold (right claw)
 x - an amulet of reflection (around neck)
 B - a cursed amulet of inaccuracy {unknown}
Wands
 b - a wand of paralysis (9)
Scrolls
 i - a scroll of immolation {unknown}
 n - 3 scrolls of magic mapping {unknown}
 p - 3 scrolls of enchant weapon {unknown}
 q - 3 scrolls of identify {unknown}
 r - 3 scrolls of remove curse {unknown}
 w - a scroll of enchant armour {unknown}
 A - a scroll of blinking {unknown}
 C - a scroll of fear {unknown}
 F - a scroll of teleportation {unknown}
Potions
 h - a potion of curing
 k - a potion of degeneration {unknown}
 m - a potion of berserk rage {unknown}
 s - a potion of might {unknown}
 u - 3 potions of ambrosia {unknown}
 z - 2 potions of lignification {unknown}
 D - a potion of brilliance {unknown}
Comestibles
 f - 12 rations


   Skills:
 + Level 2.7 Fighting
 - Level 3.1 Axes
 + Level 2.5 Throwing
 + Level 3.1 Armour
 - Level 2.6 Dodging
 * Level 5.5 Unarmed Combat


You had 6 spell levels left.
You didn't know any spells.
Your spell library was empty.

Dungeon Overview and Level Annotations

Branches:
Dungeon (5/15)
 Temple: D:4-7

Altars:
Uskayaw

Annotations:
D:4 exclusion: downstairs
D:5 Grinder


Innate Abilities, Weirdness & Mutations

You have very sharp fingernails.
You have a somewhat thin skeletal structure. (Dex +2, Stealth)


Message History

* * * LOW HITPOINT WARNING * * *
You barely miss the worker ant.
The worker ant bites you but does no damage.
The worker ant barely misses you.
You barely miss Grinder.
Grinder is severely wounded.
Grinder hits you.
* * * LOW HITPOINT WARNING * * *
The worker ant bites you.
* * * LOW HITPOINT WARNING * * *
You feel better. Grinder gestures at you. Pain shoots through your body!
* * * LOW HITPOINT WARNING * * *
The worker ant bites you but does no damage.
You scratch Grinder.
Grinder is severely wounded.
The worker ant waves its antennae.
The worker ant bites you.
You die...

#.). #...... #...#.#.#
#..) ....... #.....#.###
#.). .......
#............... .......
...........#... .......
..........#...
.......####.........#...
#......a.##.#.#....###)#
#@5.....###....#..
#.......# ....##.
###.#...###.#....#
#...............
......#......### .
###.#.#.##.#.# ###
#.#.#......# #..
#.#......#.# #..
#.#..###)..###..


You could see Grinder and a worker ant.

Vanquished Creatures
  2 howler monkeys
  A crimson imp (D:5)
  A hound (D:4)
  A bullfrog skeleton (D:4)
  An orc priest (D:4)
  Jessica (D:2)
  Natasha (D:2)
  2 iguanas
  Ijyb (D:4)
  2 orc wizards (D:4)
  A worker ant (D:3)
  Robin (D:1)
  7 gnolls
  6 adders
  2 oozes
  2 worms
  3 dart slugs (D:1)
  3 leopard geckos (D:2)
  9 orcs
  3 giant cockroaches
  16 goblins
  12 hobgoblins
  7 jackals (D:3)
  3 quokkas
  A ball python (D:4)
  7 bats
  4 frilled lizards
  6 kobolds
  10 rats
116 creatures vanquished.

Notes
Turn   | Place    | Note
-------+----------+-------------------------------------------
     0 | D:1      | eoseowa the Demonspawn Gladiator began the quest for the
                  | Orb.
     0 | D:1      | Reached XP level 1. HP: 16/16 MP: 1/1
   125 | D:1      | Gained mutation: You have sharp fingernails. [demonic
                  | ancestry]
   125 | D:1      | Reached XP level 2. HP: 18/22 MP: 2/2
   563 | D:1      | Reached skill level 1 in Armour
   702 | D:1      | Gained mutation: You have a somewhat thin skeletal
                  | structure. (Dex +2, Stealth) [demonic ancestry]
   702 | D:1      | Reached XP level 3. HP: 28/28 MP: 3/3
   982 | D:2      | Noticed Robin
  1009 | D:1      | Killed Robin
  1009 | D:1      | Reached skill level 1 in Unarmed Combat
  1411 | D:2      | Reached XP level 4. HP: 20/34 MP: 4/4
  1542 | D:2      | Noticed Jessica
  1553 | D:2      | Killed Jessica
  1808 | D:2      | Reached skill level 2 in Unarmed Combat
  2457 | D:2      | Noticed Natasha
  2471 | D:2      | Killed Natasha
  2471 | D:2      | Reached XP level 5. HP: 20/39 MP: 5/5
  3069 | D:3      | Reached skill level 3 in Unarmed Combat
  3895 | D:4      | Gained mutation: You have very sharp fingernails. [demonic
                  | ancestry]
  3895 | D:4      | Reached XP level 6. HP: 44/46 MP: 6/6
  4136 | D:4      | Found a hide-covered altar of Uskayaw.
  4142 | D:4      | Reached skill level 4 in Unarmed Combat
  4199 | D:4      | Paralysed by an orc for 7 turns
  4214 | D:4      | Paralysed by an orc for 4 turns
  5165 | D:5      | Entered Level 5 of the Dungeon
  5201 | D:5      | Reached skill level 5 in Unarmed Combat
  5286 | D:5      | Noticed Grinder
  5379 | D:5      | Reached XP level 7. HP: 48/51 MP: 7/7
  5379 | D:5      | Noticed Ijyb
  5380 | D:5      | Paralysed by Ijyb for 3 turns
  5390 | D:5      | Paralysed by Ijyb for 7 turns
  5402 | D:4      | Killed Ijyb
  6365 | D:5      | Paralysed by Grinder for 2 turns
  6371 | D:5      | Paralysed by Grinder for 7 turns
  6382 | D:5      | HP: 1/51 [Grinder/nerve-wracking pain (10)]
  6383 | D:5      | Slain by a worker ant

Illustrated notes

Levels and vault maps discovered:
D:1:      mainiacjoe_arrival_reflecting_pool, layout_loops_ring
D:2:      layout_loops_corners, dk_noncrumbling_2, chequers_arboretum,
          uniq_robin, uniq_natasha, uniq_jessica
D:3:      layout_basic, first_ration
D:4:      layout_cave_pods, lemuel_crystal_altar, minmay_bisected
D:5:      layout_rooms, uniq_ijyb, uniq_grinder

Skill      XL: |  1  2  3  4  5  6  7 |
---------------+----------------------+-----
Axes           | 3 |  3.1
Armour         | 1 2 3 |  3.1
Unarmed Combat | 1 2 3 5 |  5.5
Throwing       | 2 |  2.5
Fighting       | |  2.7
Dodging        | |  2.6

Action                   |  1- 3 |  4- 6 |  7- 9 || total
-------------------------+-------+-------+-------++-------
Melee: War axe           |    54 |       |       ||    54
       Unarmed           |    99 |   283 |    40 ||   422
       Punch             |       |     3 |     3 ||     6
Throw: Stone             |       |     4 |       ||     4
       Boomerang         |       |    21 |    20 ||    41
  Use: Potion            |       |     1 |     2 ||     3
  Eat: Chunk             |     2 |    13 |     3 ||    18
Armor: Leather armour    |    20 |       |       ||    20
       Scale mail        |    46 |    86 |    25 ||   157
Dodge: Dodged            |    89 |   132 |    19 ||   240
Block: Other             |       |    26 |    11 ||    37
       Reflection        |       |       |     1 ||     1
